 Dungeon Crawl Stone Soup version 0.28-a0-980-g3664467d6e (webtiles) character file.

Game seed: 15407875689517739703

571 BinkBink the Chopper (level 7, -13/61 HPs)
             Began as a Minotaur Monk on Dec 2, 2021.
             Was an Elder of Nemelex Xobeh.
             Killed by an exploding hornet zombie (20 damage)
             ... ignited by their inner flame
             ... in an ossuary.
             The game lasted 00:06:35 (3843 turns).

BinkBink the Chopper (Minotaur Monk)                Turns: 3843, Time: 00:06:38

Health: -13/61     AC:  2    Str: 15    XL:     7   Next: 12%
Magic:  6/6        EV: 14    Int:  7    God:    Nemelex Xobeh [****..]
Gold:   153        SH:  0    Dex: 15    Spells: 6/6 levels left

rFire   . . .      SeeInvis .   m - +0 hand axe (vorpal)
rCold   . . .      Faith    .   (no shield)
rNeg    . . .      Spirit   .   b - +0 robe
rPois   .          Reflect  .   (helmet restricted)
rElec   .          Harm     .   (no cloak)
rCorr   .          Rampage  .   (no gloves)
Will    .....                   (no boots)
Stlth   ++........              (no amulet)
HPRegen 0.20/turn               c - ring of flight
MPRegen 0.10/turn               (no ring)

@: flying
A: horns 2, retaliatory headbutt
a: Renounce Religion, Draw Escape, Draw Destruction, Draw Summoning, Triple
Draw, Deal Four


You were in an ossuary.
You worshipped Nemelex Xobeh.
Nemelex Xobeh was greatly pleased with you.
You visited 1 branch of the dungeon, and saw 4 of its levels.
You also visited: Ossuary.

You collected 153 gold pieces.

Inventory:

Hand Weapons
 a - a +0 hand axe
 m - a +0 vorpal hand axe (weapon)
Armour
 b - a +0 robe (worn)
 p - a +0 kite shield
Jewellery
 c - a ring of flight (left hand)
Scrolls
 d - 2 scrolls of acquirement {unknown}
 e - 3 scrolls of identify {unknown}
 f - a scroll of holy word {unknown}
 g - a scroll of magic mapping {unknown}
 j - 2 scrolls of enchant weapon {unknown}
 l - a scroll of noise {unknown}
 n - a scroll of vulnerability {unknown}
 o - a scroll of brand weapon {unknown}
Potions
 h - 2 potions of flight


   Skills:
 + Level 5.6 Fighting
 + Level 7.1 Axes
 * Level 1.7 Armour
 + Level 5.1 Dodging
 - Level 1.5 Stealth
 * Level 1.6 Shields


You had 6 spell levels left.
You didn't know any spells.
Your spell library contained the following spells:

 Spells                   Type           Power      Damage    Failure   Level
 Sublimation of Blood     Necr           0%         N/A       56%         2
 Wereblood                Tmut           0%         N/A       56%         2
 Summon Hydra             Summ           0%         N/A       100%        7


Dungeon Overview and Level Annotations

Branches:
Dungeon (4/15)            Ossuary (1/1)
 Temple: D:4-7

Altars:
Nemelex Xobeh
Trog

Shops:
D:3 [


Innate Abilities, Weirdness & Mutations

You have a pair of horns on your head.
You reflexively headbutt those who attack you in melee.


Message History

You destroy the mummy!
You closely miss the hornet zombie. The hornet zombie hits you!
You hit the hornet zombie.
The hornet zombie is lightly damaged.
The hornet zombie closely misses you.
The hornet zombie hits you but does no damage.
You hit the hornet zombie.
The hornet zombie is lightly damaged.
The hornet zombie hits you!
You hit the hornet zombie.
The hornet zombie is moderately damaged.
The hornet zombie completely misses you.
You hit the hornet zombie.
The hornet zombie is moderately damaged.
The hornet zombie hits you.
It was a potion of flight.
You feel more buoyant. The hornet zombie hits you.
* * * LOW HITPOINT WARNING * * *
It was a potion of curing.
You feel better.
The hornet zombie hits you but does no damage.
The hornet zombie hits you.
* * * LOW HITPOINT WARNING * * *
You hit the hornet zombie but do no damage.
The hornet zombie is moderately damaged.
The hornet zombie hits you!
* * * LOW HITPOINT WARNING * * *
As you read the scroll labelled PEOXTUIBIOS, it crumbles to dust.
The creatures around you are filled with an inner flame!
It was a scroll of immolation.
The hornet zombie closely misses you.
You draw a card...
You have drawn Vitriol.
Press: ? - help, Shift-Dir - straight line, f - hornet zombie
Aim: a hornet zombie (moderately damaged, inner flame)
The glob of acid hits the hornet zombie!!!
The acid corrodes the hornet zombie!
The hornet zombie explodes!
The fiery explosion engulfs you!!
You die...
Your body glows with a rainbow of weird colours and disappears.

##### #∩..#
#.∩.# #@§§#
##§##
≈≈≈≈≈≈.ZZ..≈.#
.≈≈≈.≈.M.≈≈###
M#.#.≈P≈.≈.#
#≈#≈##≈≈#≈#≈#
≈≈# ≈#≈≈####
≈≈≈ #≈#≈ ## #
≈


You could see a bog mummy, a wyvern zombie (inner flame) and a hornet zombie
(inner flame).

Vanquished Creatures
  A hornet zombie (Ossuary)
  A necrophage (D:3)
  A water moccasin skeleton (D:3)
  5 bullfrog zombies (Ossuary)
  A centaur zombie (Ossuary)
  4 mummies (Ossuary)
  10 adders
  A shadow imp (D:3)
  An adder zombie (D:3)
  3 adder skeletons (D:3)
  A dart slug (D:1)
  An orc (D:4)
  3 ball pythons
  10 endoplasms
  4 giant cockroaches
  5 goblins
  4 hobgoblins (D:2)
  A jackal (D:2)
  5 kobolds
  4 quokkas
  2 ball python skeletons (D:3)
  4 bats
  3 frilled lizards
  2 quokka skeletons
  4 rats
81 creatures vanquished.

Vanquished Creatures (others)
  6 withered plants
6 creatures vanquished.

Grand Total: 87 creatures vanquished

Notes
Turn   | Place    | Note
-------+----------+-------------------------------------------
     0 | D:1      | BinkBink the Minotaur Monk began the quest for the Orb.
     0 | D:1      | Reached XP level 1. HP: 19/19 MP: 0/0
   286 | D:1      | Found a faded altar of an unknown god.
   364 | D:1      | Prayed at the altar of an unknown god.
   364 | D:1      | Became a worshipper of Nemelex Xobeh the Trickster
   364 | D:1      | Reached * piety under Nemelex Xobeh
   364 | D:1      | Received a gift from Nemelex Xobeh
   364 | D:1      | Reached ** piety under Nemelex Xobeh
   364 | D:1      | Received a gift from Nemelex Xobeh
   364 | D:1      | Received a gift from Nemelex Xobeh
   372 | D:1      | Received a gift from Nemelex Xobeh
   668 | D:1      | Reached XP level 2. HP: 27/27 MP: 1/1
   735 | D:1      | Reached skill level 4 in Axes
   919 | D:1      | Reached *** piety under Nemelex Xobeh
  1259 | D:2      | Reached XP level 3. HP: 27/33 MP: 2/2
  1327 | D:2      | Received a gift from Nemelex Xobeh
  1384 | D:2      | Found a bloodstained altar of Trog.
  1717 | D:2      | Reached XP level 4. HP: 29/41 MP: 3/3
  1888 | D:2      | Reached skill level 5 in Axes
  2433 | D:3      | Noticed a necrophage
  2441 | D:3      | Killed a necrophage
  2442 | D:3      | Reached skill level 5 in Fighting
  2442 | D:3      | Reached XP level 5. HP: 31/48 MP: 4/4
  2587 | D:3      | Reached skill level 6 in Axes
  2648 | D:3      | Reached XP level 6. HP: 54/56 MP: 5/5
  2755 | D:3      | Found a bloodstained altar of Trog.
  3020 | D:3      | Received a gift from Nemelex Xobeh
  3033 | D:3      | Found Uluetit's Antique Armour Shoppe.
  3467 | D:4      | Reached **** piety under Nemelex Xobeh
  3587 | D:4      | Found a sand-covered staircase.
  3592 | Ossuary  | Entered an ossuary
  3627 | Ossuary  | Reached skill level 1 in Armour
  3627 | Ossuary  | Reached skill level 1 in Shields
  3638 | Ossuary  | Reached skill level 5 in Dodging
  3670 | Ossuary  | Reached skill level 7 in Axes
  3675 | Ossuary  | Reached XP level 7. HP: 18/61 MP: 6/6
  3843 | Ossuary  | Killed by an exploding hornet zombie... ignited by their
                  | inner flame

Illustrated notes

Levels and vault maps discovered:
D:1:      eino_arrival_cavern_d, layout_loops_corners,
          hellmonk_ecumenical_altar_arch_garden, serial_glass, glass_columns_a,
          glass_columns_a, grunt_decor_cap
D:2:      layout_basic, basic_altar, minmay_increasing_density
D:3:      layout_basic, mainiacjoe_overflow_small_starburst, serial_shops, shop,
          serial_undead, serial_undead_f, serial_undead_e, serial_undead_a,
          serial_undead_b, serial_undead_a, serial_undead_c,
          nicolae_concentric_dashed_squares_mild
D:4:      layout_loops_cross, nicolae_ossuary_entry_false_entrances,
          minmay_misc_feat_hallway, minmay_misc_feat_more_columns,
          uniq_crazy_yiuf_cottage
Ossuary:  ossuary_zaba_flooded

Skill      XL: |  1  2  3  4  5  6 |
---------------+-------------------+-----
Axes           | 4 5 6 7 |  7.1
Fighting       | 4 5 |  5.6
Dodging        | 4 5 |  5.1
Armour         | 1 |  1.7
Shields        | 1 |  1.6
Stealth        | |  1.5

Action                   |  1- 3 |  4- 6 |  7- 9 || total
-------------------------+-------+-------+-------++-------
Melee: Hand axe          |    62 |   125 |    27 ||   214
       Headbutt          |     9 |    24 |     7 ||    40
Invok: Draw Destruction  |     3 |     1 |     1 ||     5
  Use: Potion            |       |       |     2 ||     2
       Scroll            |       |       |     1 ||     1
 Stab: Sleeping          |     4 |     5 |       ||     9
Armor: Robe              |     7 |    10 |     3 ||    20
Dodge: Dodged            |    49 |    83 |    16 ||   148

Table legend: (Time is in decaauts)
 A = Elapsed time spent in this place.
 B = Non-inter-level travel time spent in this place.
 C = Inter-level travel time spent in this place.
 D = Time resting spent in this place.
 E = Time spent auto-exploring this place.
 F = Levels seen in this place.
 G = Mean time per level.
                   A        B        C        D        E       F      G
               +--------+--------+--------+--------+--------+-----+--------+
         Total |   3852 |   3768 |     84 |      0 |   3048 |   5 |  770.4 |
       Dungeon |   3597 |   3513 |     84 |      0 |   2893 |   4 |  899.2 |
       Ossuary |    255 |    255 |      0 |      0 |    155 |   1 |  255.0 |
               +--------+--------+--------+--------+--------+-----+--------+

Top non-repeatable levels by time:
     D:2: 1184 daAuts
     D:1: 1142 daAuts
     D:3: 1048 daAuts
 Ossuary: 255 daAuts
     D:4: 221 daAuts
